 Dungeon Crawl Stone Soup version 0.31-a0-1-g4198be8af4 (webtiles) character file.

Game seed: 3013646121822337471

797 Pooter the Chopper (level 7, -3/61 HPs)
             Began as a Minotaur Fighter on May 2, 2023.
             Succumbed to a hornet's poison
             ... on level 6 of the Dungeon.
             The game lasted 00:23:16 (4784 turns).

Pooter the Chopper (Minotaur Fighter)               Turns: 4784, Time: 00:23:16

Health: -3/61      AC: 10    Str: 23    XL:     7   Next: 58%
Magic:  1/6        EV:  9    Int:  5    God:
Gold:   164        SH:  4    Dex:  9    Spells: 5/6 levels left

rFire   . . .        a - +1 war axe
rCold   . . .        c - +0 buckler
rNeg    + . .        l - +0 scale mail
rPois   .            (helmet restricted)
rElec   .            h - +0 cloak
rCorr   .            s - +0 pair of gloves
SInv    +            C - +0 pair of boots {rampage}
Will    .....        G - amulet of guardian spirit Stlth
                     N - ring of positive energy
HPRegen 0.30/turn    S - ring of see invisible
MPRegen 0.10/turn

%: guardian spirit, rampage
@: mighty, lethally poisoned (-3 -> -26)
A: horns 2, retaliatory headbutt
a: no special abilities


You were on level 6 of the Dungeon.
You visited 1 branch of the dungeon, and saw 6 of its levels.

You collected 389 gold pieces.
You spent 225 gold pieces at shops.

Inventory:

Hand Weapons
 a - a +1 war axe (weapon)
 b - a +0 sling
   (You found it on level 2 of the Dungeon)
 i - a +0 shortbow
   (You took it off a centaur on level 5 of the Dungeon)
Missiles
 y - 2 boomerangs
 Q - 36 stones (quivered)
Armour
 c - a +0 buckler (worn)
 h - a +0 cloak (worn)
   (You found it on level 1 of the Dungeon)
 l - a +0 scale mail (worn)
 s - a +0 pair of gloves (worn)
   (You found it on level 2 of the Dungeon)
 C - a +0 pair of boots of rampaging (worn)
   (You found it on level 6 of the Dungeon)
Jewellery
 w - an amulet of magic regeneration
   (You found it on level 3 of the Dungeon)
 D - a +6 ring of intelligence
   (You found it on level 5 of the Dungeon)
 G - an amulet of guardian spirit (around neck)
   (You found it on level 2 of the Dungeon)
 N - a ring of positive energy (left hand)
   (You found it on level 1 of the Dungeon)
 S - a ring of see invisible (right hand)
   (You bought it in a shop on level 5 of the Dungeon)
 W - a ring of wizardry
   (You found it on level 6 of the Dungeon)
Wands
 d - a wand of iceblast (3)
   (You found it on level 3 of the Dungeon)
Scrolls
 f - 2 scrolls of enchant armour
 j - a scroll of fog
 k - 2 scrolls of amnesia
 m - 2 scrolls of magic mapping
 o - a scroll of vulnerability {!r}
 t - 3 scrolls of teleportation {@r4}
 E - a scroll of immolation {!r}
Potions
 e - 2 potions of heal wounds {@q2}
 g - a potion of cancellation {unknown}
 n - 6 potions of curing {@q1}
 p - 2 potions of flight
 q - a potion of resistance {unknown}
 r - a potion of haste {unknown}
 u - 2 potions of brilliance
 v - a potion of might
 x - a potion of attraction {unknown}
 z - a potion of berserk rage {unknown}
 A - 2 potions of degeneration {unknown}
 B - a potion of mutation {unknown}


   Skills:
 + Level 5.3 Fighting
 * Level 6.0 Axes
 * Level 4.6 Ranged Weapons
 - Level 3.6 Armour
 - Level 2.4 Stealth
 - Level 4.4 Shields
 + Level 1.5 Translocations


You had 5 spell levels left.
You knew the following spells:

 Your Spells              Type           Power      Damage    Failure   Level
c - Apportation           Tloc           2%         N/A       65%         1

Your spell library contained the following spells:

 Spells                   Type           Power      Damage    Failure   Level
 Lesser Beckoning         Tloc           2%         N/A       78%         2
 Necrotise                Necr           0%         1d4       85%         1
 Summon Small Mammal      Summ           0%         N/A       85%         1
 Gell's Gravitas          Tloc           1%         N/A       95%         3
 Teleport Other           Tloc           1%         N/A       95%         3


Dungeon Overview and Level Annotations

Branches:
Dungeon (6/15)
 Temple: D:4-7

Altars:
Dithmenos

Shops:
D:5 =

Annotations:
D:6 Blork the orc


Innate Abilities, Weirdness & Mutations

You have a pair of horns on your head.
You reflexively headbutt those who attack you in melee.


Message History

The gnoll barely misses you. The gnoll closely misses you.
You furiously retaliate!
You headbutt the gnoll! You barely miss the gnoll.
Your headbutt misses the gnoll. The gnoll hits you but does no damage.
The gnoll shouts!
You hit the gnoll. You headbutt the gnoll.
You kill the gnoll!
You hear a shout!
The hornet stings you but does no damage.
You hear a shout!
You hit the hornet. The hornet barely misses you.
The gnoll hits you but does no damage. The hornet completely misses you.
You feel very mighty all of a sudden. The hornet stings you.
You are poisoned.
You feel yourself slow down.
The gnoll hits you from afar with a +0 spear.
The hornet stings you.
You suddenly lose the ability to move!
You feel very sick.
The gnoll hits you from afar with a +0 spear.
The hornet stings you but does no damage.
You can move again.
You slice the hornet!!
You feel very sick. The hornet misses you.
The gnoll hits you from afar with a +0 spear.
The hornet stings you but does no damage.
The gnoll hits you from afar with a +0 spear.
The hornet stings you.
You shrug off the repeated paralysis!
You miss the hornet.
You feel yourself speed up.
You feel sick. The hornet stings you!
* * * LOW HITPOINT WARNING * * *
You are more poisoned.
You suddenly lose the ability to move!
The gnoll hits you but does no damage. The hornet stings you!
* * * LOW MAGIC WARNING * * *
* * * LOW HITPOINT WARNING * * *
You are more poisoned.
You shrug off the repeated paralysis!
The gnoll hits you from afar with a +0 spear.
* * * LOW MAGIC WARNING * * *
* * * LOW HITPOINT WARNING * * *
The hornet stings you.
* * * LOW HITPOINT WARNING * * *
You feel yourself slow down.
You can move again.
You barely miss the hornet.
You feel yourself speed up.
You die...

#.......[.## #....
#.........### ..... .
#..........#...... ..
#.#.............#.
##...####.##........#..###
.
##..........##.......#..#
#####...g...g...........##
#...........#y........###
.......<..# #.@##.....#
..........# ##..#.#...#
...(....o.# #.)...#...#
....gg.<)(# ##........#
.....g.........(......#
#.....###.###...###.###
#..... .# #.... ..# #....
# ...... ## #.... ...#..##


You could see a hornet and a gnoll.

Vanquished Creatures
  Edmund (D:4)
  An ogre (D:3)
  A centaur (D:5)
  2 scorpions
  A howler monkey (D:5)
  3 hounds
  An orc priest (D:3)
  2 orc wizards
  7 adders
  2 gnolls
  A white imp (D:4)
  2 worms
  3 dart slugs
  18 orcs
  A ball python (D:1)
  13 endoplasms
  3 giant cockroaches
  11 goblins
  9 hobgoblins
  4 jackals
  A quokka (D:5)
  3 bats
  5 kobolds
  A rat (D:1)
96 creatures vanquished.

Notes
Turn   | Place    | Note
-------+----------+-------------------------------------------
     0 | D:1      | Pooter the Minotaur Fighter began the quest for the Orb.
     0 | D:1      | Reached XP level 1. HP: 19/19 MP: 0/0
   171 | D:1      | Reached XP level 2. HP: 18/27 MP: 1/1
   397 | D:1      | Reached skill level 3 in Axes
   417 | D:1      | Reached skill level 1 in Stealth
   539 | D:1      | Reached XP level 3. HP: 33/33 MP: 2/2
   864 | D:1      | You fall into a shaft and drop 1 floor!
  1547 | D:2      | Reached XP level 4. HP: 37/40 MP: 3/3
  1553 | D:2      | Reached skill level 1 in Ranged Weapons
  1840 | D:3      | Reached XP level 5. HP: 18/46 MP: 1/4
  2046 | D:3      | Noticed an ogre
  2051 | D:3      | Killed an ogre
  2052 | D:3      | Reached skill level 4 in Axes
  2233 | D:3      | Identified the +5 whip of Ukuoda {flame, Str+4}
  2244 | D:3      | Learned a level 1 spell: Apportation
  2792 | D:4      | Reached XP level 6. HP: 48/51 MP: 5/5
  3013 | D:4      | Noticed Edmund
  3028 | D:4      | Killed Edmund
  3029 | D:4      | Reached skill level 5 in Axes
  3287 | D:4      | Reached skill level 1 in Translocations
  3287 | D:4      | Reached XP level 7. HP: 60/60 MP: 6/6
  3423 | D:4      | Found a shadowy altar of Dithmenos.
  3650 | D:5      | Entered Level 5 of the Dungeon
  3764 | D:5      | Reached skill level 5 in Fighting
  3871 | D:5      | Found Elil's Jewellery Shoppe.
  3876 | D:5      | Bought a ring of see invisible for 225 gold pieces
  4562 | D:5      | Reached skill level 6 in Axes
  4601 | D:6      | Noticed Blork the orc
  4775 | D:6      | Noticed a hornet
  4780 | D:6      | Paralysed by a hornet for 2 turns
  4783 | D:6      | Paralysed by a hornet for 1 turns
  4784 | D:6      | Succumbed to a hornet's poison

Illustrated notes

Levels and vault maps discovered:
D:1:      lightli_arrival_farm, layout_loops_corners
D:2:      layout_basic, minmay_pentomino_t2
D:3:      cheibrodos_pilgrimage, layout_basic, minmay_starry_boxes
D:4:      layout_loops_cross, mainiacjoe_overflow_paths, uniq_edmund
D:5:      layout_basic, serial_shops, shop
D:6:      layout_cave_pools, dancing_weapons_uskayaw,
          mainiacjoe_overflow_big_doors, minmay_temple_entry_junction,
          gammafunk_ghost_stat_death, uniq_blork_the_orc

Skill      XL: |  1  2  3  4  5  6  7 |
---------------+----------------------+-----
Axes           | 3 4 5 6 |  6.0
Stealth        | 1 2 |  2.4
Fighting       | 4 5 |  5.3
Shields        | 4 |  4.4
Ranged Weapons | 1 2 3 4 |  4.6
Translocations | 1 |  1.5
Armour         | |  3.6

Action                     |  1- 3 |  4- 6 |  7- 9 || total
---------------------------+-------+-------+-------++-------
  Melee: War axe           |    60 |   109 |    47 ||   216
         Headbutt          |     6 |    20 |     9 ||    35
   Fire: Sling             |       |    54 |    23 ||    77
  Throw: Stone             |     2 |       |     3 ||     5
         Boomerang         |       |     3 |       ||     3
  Evoke: Wand              |       |     1 |     2 ||     3
    Use: Scroll            |     4 |     2 |     7 ||    13
         Potion            |       |     1 |     1 ||     2
 Armour: Scale mail        |    32 |    52 |    25 ||   109
  Dodge: Dodged            |    22 |    68 |    23 ||   113
  Block: Buckler           |    14 |    24 |    12 ||    50

Table legend: (Time is in decaauts)
 A = Elapsed time spent in this place.
 B = Non-inter-level travel time spent in this place.
 C = Inter-level travel time spent in this place.
 D = Time resting spent in this place.
 E = Time spent auto-exploring this place.
 F = Levels seen in this place.
 G = Mean time per level.
                   A        B        C        D        E       F      G
               +--------+--------+--------+--------+--------+-----+--------+
         Total |   4895 |   4754 |    141 |    413 |   3434 |   6 |  815.8 |
       Dungeon |   4895 |   4754 |    141 |    413 |   3434 |   6 |  815.8 |
               +--------+--------+--------+--------+--------+-----+--------+

Top non-repeatable levels by time:
     D:1: 1053 daAuts
     D:5: 1037 daAuts
     D:3: 1029 daAuts
     D:4: 958 daAuts
     D:2: 706 daAuts
     D:6: 110 daAuts
